 Dungeon Crawl Stone Soup version 0.19.4 (console) character file.

78835 Kloppie the Severer (level 15, -3/208 HPs)
             Began as a Minotaur Fighter on Feb 3, 2017.
             Was the Champion of the Shining One.
             Shot with a bolt by a yaktaur captain (15 damage)
             ... on level 12 of the Dungeon.
             The game lasted 00:38:16 (24288 turns).

Kloppie the Severer (Minotaur Fighter)             Turns: 24288, Time: 00:38:17

Health: -3/208     AC: 24    Str: 32      XL:     15   Next: 19%
Magic:  0/22       EV: 12    Int:  2 (5)  God:    the Shining One [******]
Gold:   1776       SH: 15    Dex: 10      Spells: 0 memorised, 14 levels left

rFire  + + .     SeeInvis .     a - +1 broad axe
rCold  . . .     Gourm    .     B - +3 plate armour {rPois}
rNeg   + + +     Faith    .     I - +0 shield {rF+}
rPois  +         Spirit   +     (helmet restricted)
rElec  .         Reflect  .     H - +0 cloak
rCorr  .         Harm     .     m - +0 pair of gloves
MR     ++...                    D - +0 pair of boots
Stlth  ..........               t - amulet of guardian spirit
                                K - ring of protection from magic
                                j - ring of protection from fire

@: berserking (expiring), flayed, glowing, very quick
A: retaliatory headbutt, horns 2, high mp 1
a: Divine Shield, Cleansing Flame, Summon Divine Warrior, Brand Weapon With Holy
Wrath, Renounce Religion


You were on level 12 of the Dungeon.
You worshipped the Shining One.
The Shining One was exalted by your worship.
You were not hungry.

You visited 4 branches of the dungeon, and saw 21 of its levels.
You also visited: Sewer and Volcano.

You collected 2027 gold pieces.
You spent 251 gold pieces at shops.

Inventory:

Hand Weapons
 a - a +1 broad axe (weapon)
 b - a +0 morningstar of protection
Armour
 m - a +0 pair of gloves (worn)
 B - a +3 plate armour of poison resistance (worn)
 D - a +0 pair of boots (worn)
 H - a +0 cloak (worn)
 I - a +0 shield of fire resistance (worn)
Jewellery
 j - a ring of protection from fire (left hand)
 t - an amulet of guardian spirit (around neck)
 K - a ring of protection from magic (right hand)
Wands
 q - a wand of heal wounds (0/9)
 y - a wand of digging (11/24)
 z - a wand of lightning (1/15)
Scrolls
 e - 2 scrolls of amnesia
 i - 11 scrolls of identify
 k - 8 scrolls of teleportation
 o - 3 scrolls of remove curse
 r - 3 scrolls of noise
 s - 3 scrolls of recharging
 v - a scroll of fog
 F - a scroll of summoning
 L - a scroll of magic mapping
Potions
 g - a potion of haste
 h - 4 potions of flight
 l - 4 potions of magic
 p - 4 potions of curing
 x - 3 potions of ambrosia
Books
 d - a book of Callings

   Spells                             Type                      Level
   a - Summon Small Mammal            Summoning                    1
   b - Call Imp                       Summoning                    2
   c - Call Canine Familiar           Summoning                    3
   d - Summon Guardian Golem          Hexes/Summoning              3
   e - Summon Lightning Spire         Summoning/Air                4
   f - Summon Ice Beast               Ice/Summoning                4
Comestibles
 f - 9 bread rations
 n - 3 beef jerkies
 u - 23 royal jellies
 w - 40 chunks of flesh
 A - 6 meat rations
 C - 6 fruits
 E - 3 slices of pizza


   Skills:
 - Level 14.9 Fighting
 + Level 15.2 Axes
 - Level 14.3 Armour
 - Level 8.2 Dodging
 - Level 15.0 Shields
 - Level 8.1 Invocations


You had 14 spell levels left.
You didn't know any spells.

Dungeon Overview and Level Annotations

Branches:
Dungeon (12/15)            Temple (1/1) D:6            Lair (6/6) D:11
 Shoals (0/4) Lair:3       Spider (0/4) Lair:2        Slime (0/5) Lair:5
    Orc (2/2) D:10            Elf (0/3) Orc:2

Altars:
Ashenzari
Cheibriados
Dithmenos
Elyvilon
Fedhas
Gozag
Hepliaklqana
Kikubaaqudgha
Makhleb
Nemelex Xobeh
Okawaru
Qazlal
Ru
Sif Muna
Trog
Uskayaw
Vehumet
Xom
Yredelemnul
Zin
The Shining One
Beogh

Shops:
D:6 *=   D:8 [   D:10 ([!   D:12 (   Orc:2 }}%%

Portals:
Trove: D:12 (give 16 scrolls of teleportation)

Annotations:
Lair:5 exclusion: oklob plant


Innate Abilities, Weirdness & Mutations

You reflexively headbutt those who attack you in melee.
You have a pair of horns on your head.
You have an increased reservoir of magic. (+10% MP)


Message History

You hit the flayed ghost.
The flayed ghost is heavily damaged.
You hit the stone giant. You hit the storm dragon.
You block the storm dragon's attack.
The storm dragon claws you but does no damage.
The storm dragon tramples you.
* * * LOW HITPOINT WARNING * * *
You stumble backwards!
You slash the storm dragon!
The storm dragon is moderately wounded.
The stone giant throws a large rock.
The large rock hits you!! The Shining One protects you from harm!
The storm dragon barely misses you. You block the storm dragon's attack.
The storm dragon tramples you.
* * * LOW HITPOINT WARNING * * *
You stumble backwards!
You hit the storm dragon but do no damage.
The storm dragon is moderately wounded.
The yaktaur captain shoots a bolt.
The bolt hits you!
You die...

#....## #.....#
#.....## #......###
#........############
##............†......
#...........(H......
##....)....DWC......
###......@..c......
#################


You could see a storm dragon, a sphinx, a stone giant, a yaktaur captain and a
flayed ghost.

Vanquished Creatures
  An orc warlord (Orc:1)
  Snorg (D:10)
  2 fire dragons
  The ghost of Kloppie the Protected, a journeyman MiFi of Dithmenos (Lair:1)
  Erolcha (D:10)
  Fannar (D:10)
  10 hydras
  Erica (D:11)
  An ogre mage (Orc:1)
  A death knight (D:12)
  A death yak (Lair:6)
  5 orc high priests
  Urug (D:11)
  The ghost of mo0 the Grappler, a novice TrBe of Trog (Lair:1)
  Nergalle (D:10)
  An unseen horror (D:12)
  4 hill giants
  Pikel (D:6)
  3 orc knights
  3 orc sorcerers (Orc:1)
  6 lindwurms
  2 salamanders (Volcano)
  A cyclops (D:11)
  3 manticores
  6 ugly things
  7 elephants
  Maurice (D:11)
  9 black mambas
  Joseph (D:8)
  A siren (Lair:3)
  2 gargoyles (D:12)
  A torpor snail (Lair:6)
  3 molten gargoyles (Lair:6)
  4 spiny frogs
  6 komodo dragons
  A rime drake (Lair:4)
  3 merfolk (Lair:3)
  2 queen bees
  2 polar bears
  3 trolls
  A hornet (D:10)
  5 two-headed ogres
  15 blink frogs
  A slime creature (D:12)
  7 hippogriffs
  A wraith (D:11)
  A shadow (D:12)
  12 wyverns
  5 basilisks
  33 yaks
  7 fire bats
  5 steam dragons
  Edmund (D:4)
  2 mottled dragons
  2 wargs (Orc:1)
  8 water moccasins
  8 porcupines
  5 hell hounds
  43 orc warriors
  4 ice beasts
  An eye of draining (D:12)
  7 black bears
  A phantom (D:12)
  A wolf (D:11)
  A sky beast (D:11)
  4 centaurs
  13 ogres
  12 crocodiles
  5 big kobolds
  16 bullfrogs
  3 scorpions
  46 killer bees
  9 wights
  15 howler monkeys
  5 electric eels
  4 lava snakes (Lair:6)
  4 crimson imps
  2 bullfrog zombies (D:11)
  7 jellies
  4 centaur zombies
  10 hounds
  30 orc priests
  A bullfrog skeleton (D:4)
  25 orc wizards
  An iguana (D:11)
  6 worker ants
  3 hound skeletons
  A worker ant zombie (D:8)
  A howler monkey skeleton (D:11)
  3 gnolls (D:9)
  13 adders
  2 shadow imps (D:9)
  5 oozes
  An adder zombie (D:8)
  2 adder skeletons
  7 worms
  2 dart slugs
  7 leopard geckos
  100 orcs
  10 giant cockroaches
  9 goblins
  8 hobgoblins
  24 jackals
  5 quokkas
  7 ball pythons
  11 bats
  A frilled lizard (D:3)
  A jackal skeleton (D:4)
  39 kobolds
  A leopard gecko skeleton (D:4)
  A quokka zombie (D:5)
  10 rats
  A fungus (Lair:5)
  7 plants (Volcano)
786 creatures vanquished.

Vanquished Creatures (collateral kills)
  An orc high priest (Orc:1)
1 creature vanquished.

Vanquished Creatures (others)
  2 slaves (D:6)
  A killer bee (D:11)
  A crimson imp (D:11)
  A hound (D:11)
  2 orc wizards (D:6)
  A hound skeleton (D:6)
  4 orcs
  6 bushes (D:8)
  5 fungi
  4 plants (Lair:6)
27 creatures vanquished.

Grand Total: 814 creatures vanquished

Notes
Turn   | Place    | Note
-------+----------+-------------------------------------------
     0 | D:1      | Kloppie the Minotaur Fighter began the quest for the Orb.
     0 | D:1      | Reached XP level 1. HP: 19/19 MP: 0/0
    55 | D:1      | Reached XP level 2. HP: 27/27 MP: 1/1
   419 | D:1      | Reached XP level 3. HP: 30/34 MP: 2/2
   750 | D:2      | Reached skill level 5 in Fighting
  1071 | D:2      | Reached XP level 4. HP: 42/42 MP: 3/3
  1811 | D:3      | Found a glowing drain.
  1818 | Sewer    | Entered a sewer
  1831 | Sewer    | Reached XP level 5. HP: 45/50 MP: 4/4
  2586 | D:4      | Reached XP level 6. HP: 56/58 MP: 5/5
  2684 | D:4      | Noticed Edmund
  2701 | D:4      | Killed Edmund
  2701 | D:4      | Reached skill level 5 in Axes
  2719 | D:4      | Found a sacrificial altar of Ru.
  2825 | D:4      | Found a glowing silver altar of Zin.
  3178 | D:5      | Entered Level 5 of the Dungeon
  3296 | D:5      | Reached XP level 7. HP: 58/68 MP: 6/6
  4044 | D:6      | Noticed Pikel
  4067 | D:6      | Killed Pikel
  4067 | D:6      | Reached XP level 8. HP: 41/75 MP: 7/7
  4537 | D:6      | Found Coamaup's General Store.
  4540 | D:6      | Bought a potion of lignification for 39 gold pieces
  4658 | D:6      | Found a staircase to the Ecumenical Temple.
  4666 | Temple   | Entered the Ecumenical Temple
  4796 | Temple   | Became a worshipper of the Shining One
  5034 | D:6      | Found an opulent altar of Gozag.
  5034 | D:6      | Found a shimmering altar of Xom.
  5138 | D:6      | Found Ykutsog's Jewellery Shoppe.
  5319 | D:7      | Reached XP level 9. HP: 77/82 MP: 6/8
  5341 | D:7      | Found a hide-covered altar of Uskayaw.
  5361 | D:7      | Reached skill level 5 in Shields
  6038 | D:8      | Reached * piety under the Shining One
  6101 | D:8      | Noticed Joseph
  6122 | D:8      | Killed Joseph
  6138 | D:8      | Found Iqoyramuts's Antique Armour Shop.
  6145 | D:8      | Bought a cloak for 130 gold pieces
  6301 | D:8      | Reached skill level 10 in Axes
  6706 | D:9      | Reached XP level 10. HP: 87/90 MP: 9/9
  6728 | D:9      | Reached skill level 10 in Shields
  6822 | D:9      | Found a hide-covered altar of Uskayaw.
  6921 | D:9      | Reached ** piety under the Shining One
  7436 | D:10     | Entered Level 10 of the Dungeon
  7529 | D:10     | Noticed Erolcha
  7532 | D:10     | Reached skill level 10 in Fighting
  7540 | D:10     | Killed Erolcha
  7916 | D:10     | Noticed Fannar
  7940 | D:10     | Killed Fannar
  7940 | D:10     | Reached XP level 11. HP: 18/102 MP: 2/10
  8469 | D:10     | Found Ikuemapp's Weapon Shoppe.
  8469 | D:10     | Found a staircase to the Orcish Mines.
  8469 | D:10     | Found Taaw's Armour Shoppe.
  8471 | D:10     | Noticed Nergalle
  8484 | D:10     | Killed Nergalle
  8540 | D:10     | Bought a +0 broad axe for 52 gold pieces
  8551 | D:10     | Found Nutipokk's Distillery.
  8559 | D:10     | Bought a potion of mutation for 30 gold pieces
  8743 | D:10     | Noticed Snorg
  8778 | D:10     | Killed Snorg
  9162 | D:11     | Noticed Erica
  9172 | D:11     | Killed Erica
  9969 | D:11     | Found a staircase to the Lair.
 10525 | D:11     | Noticed a brown ugly thing
 10526 | D:11     | Noticed Urug
 10549 | D:10     | Killed a brown ugly thing
 10833 | D:11     | Killed Urug
 10849 | D:11     | Reached *** piety under the Shining One
 10857 | D:11     | Reached XP level 12. HP: 86/113 MP: 9/11
 10943 | D:11     | Reached skill level 10 in Armour
 11308 | D:11     | Noticed Maurice
 11316 | D:11     | Killed Maurice
 11681 | Lair:1   | Entered Level 1 of the Lair of Beasts
 11681 | Lair:1   | Noticed mo0's ghost (novice TrBe)
 11681 | Lair:1   | Noticed Kloppie's ghost (journeyman MiFi)
 11808 | Lair:1   | Killed mo0's ghost
 11814 | Lair:1   | Killed Kloppie's ghost
 11957 | Lair:1   | Noticed an eight-headed hydra
 11968 | Lair:1   | Killed an eight-headed hydra
 12689 | Lair:2   | Noticed a four-headed hydra
 12704 | Lair:1   | Killed a four-headed hydra
 12842 | Lair:2   | Found a hole to the Spider Nest.
 12890 | Lair:2   | You fall through a shaft!
 13381 | Lair:3   | Found a staircase to the Shoals.
 13404 | Lair:3   | Reached XP level 13. HP: 54/119 MP: 7/14
 14034 | Lair:4   | Found a dark tunnel.
 14202 | Volcano  | Entered a volcano
 14555 | Volcano  | Reached **** piety under the Shining One
 14856 | Volcano  | Noticed a fire dragon
 14865 | Volcano  | Killed a fire dragon
 15849 | Lair:4   | Reached skill level 15 in Shields
 16165 | Lair:5   | Found a staircase to the Slime Pits.
 16865 | Lair:6   | Entered Level 6 of the Lair of Beasts
 17367 | Lair:5   | Reached skill level 5 in Invocations
 17675 | Lair:6   | Reached XP level 14. HP: 61/127 MP: 11/17
 18132 | Lair:6   | Reached ***** piety under the Shining One
 18806 | Lair:6   | Reached skill level 1 in Dodging
 19298 | Lair:6   | Found a large runed door.
 19299 | Lair:6   | Found a large runed door.
 19710 | Lair:6   | Gained mutation: You have an increased reservoir of magic. (+10% MP) [potion of beneficial mutation]
 20117 | Orc:1    | Entered Level 1 of the Orcish Mines
 20236 | Orc:1    | Noticed an orc warlord
 20254 | Orc:1    | Killed an orc warlord
 20254 | Orc:1    | Reached skill level 5 in Dodging
 20808 | Orc:2    | Entered Level 2 of the Orcish Mines
 20838 | Orc:2    | Found a staircase to the Elven Halls.
 20938 | Orc:2    | Found a shimmering altar of Xom.
 21837 | Orc:1    | Found a roughly hewn altar of Beogh.
 22767 | Orc:2    | Reached ****** piety under the Shining One
 23060 | Orc:2    | Lost intelligence.
 23194 | Orc:2    | HP: 6/133 [rust devil[an orc high priest] (8)]
 23194 | Orc:2    | HP: 1/133 [rust devil[an orc high priest] (5)]
 23200 | Orc:2    | The Shining One protects you from harm!
 23204 | Orc:2    | HP: 4/133 [quasit[an orc high priest] (1)]
 23206 | Orc:2    | The Shining One protects you from harm!
 23207 | Orc:2    | The Shining One protects you from harm!
 23207 | Orc:2    | HP: 1/133 [chaos spawn[an orc high priest] (3)]
 23212 | Orc:1    | HP: 2/133 [orc high priest/war axe (7)]
 23230 | Orc:1    | The Shining One protects you from harm!
 23230 | Orc:1    | HP: 4/133 [sun demon[an orc high priest] (6)]
 23596 | Orc:2    | Found Rakoir's Food Emporium.
 23596 | Orc:2    | Found Ilachoi's Food Emporium.
 23597 | Orc:2    | Found Ughuhod's Gadget Emporium.
 23597 | Orc:2    | Found Geusomal's Gadget Shoppe.
 23741 | D:12     | Reached XP level 15. HP: 125/139 MP: 22/22
 23924 | D:12     | Found Faes's Weapon Emporium.
 23974 | D:12     | Found a portal to a secret trove of treasure.
 24227 | D:12     | Reached skill level 15 in Axes
 24273 | D:12     | Noticed a storm dragon
 24276 | D:12     | Noticed a sphinx
 24285 | D:12     | The Shining One protects you from harm!
 24285 | D:12     | The Shining One protects you from harm!
 24287 | D:12     | The Shining One protects you from harm!
 24288 | D:12     | Shot with a bolt by a yaktaur captain

Skill      XL: |  1  2  3  4  5  6  7  8  9 10 11 12 13 14 15 |
---------------+----------------------------------------------+-----
Axes           | 3 4 5 7 8 10 11 14 15 | 15.2
Fighting       | 4 5 6 8 11 12 14 | 14.9
Armour         | 6 8 9 12 14 | 14.3
Shields        | 4 9 10 13 15 | 15.0
Invocations    | 3 6 8 |  8.1
Dodging        | 7 8 |  8.2

Action                   |  1- 3 |  4- 6 |  7- 9 | 10-12 | 13-15 || total
-------------------------+-------+-------+-------+-------+-------++-------
Melee: War axe           |    99 |   224 |   303 |   500 |       ||  1126
       Headbutt          |    16 |    25 |    46 |   136 |   249 ||   472
       Broad axe         |       |       |       |   155 |   974 ||  1129
       Morningstar       |       |       |       |    12 |    46 ||    58
Invok: Divine Shield     |       |       |       |       |     2 ||     2
       Summon Divine War |       |       |       |       |     1 ||     1
Evoke: Wand              |       |       |       |       |     4 ||     4
  Use: Scroll            |       |     4 |     9 |     6 |     6 ||    25
       Potion            |       |       |     9 |    10 |    15 ||    34
 Stab: Invisible         |       |       |     1 |       |       ||     1
  Eat: Chunk             |     1 |     8 |    11 |    16 |    33 ||    69
       Meat ration       |       |       |       |     1 |       ||     1
       Royal jelly       |       |       |       |       |     3 ||     3
Armor: Scale mail        |    39 |       |       |       |       ||    39
       Chain mail        |     4 |    91 |    28 |       |   199 ||   322
       Plate armour      |       |       |   127 |   333 |   296 ||   756
       Skin              |       |       |       |    59 |       ||    59
Dodge: Dodged            |    36 |    46 |    55 |   149 |   376 ||   662
Block: Shield            |    57 |   120 |   142 |   436 |   841 ||  1596
